 Dungeon Crawl Stone Soup version 0.27-a0-1177-g245c70e1c0 (webtiles) character file.

Game seed: 3871568122923929483

52 freelancePsychic the Stinger (level 3, -1/21 HPs)
             Began as an Octopode Venom Mage on May 16, 2021.
             Slain by a worm (12 damage)
             ... on level 3 of the Dungeon.
             The game lasted 00:05:31 (1924 turns).

freelancePsychic the Stinger (Octopode Venom Mage)  Turns: 1924, Time: 00:05:32

Health: -1/21      AC:  1    Str:  7    XL:     3   Next: 85%
Magic:  0/6        EV: 13    Int: 18    God:
Gold:   110        SH:  0    Dex: 12    Spells: 1/7 levels left

rFire    . . .     SeeInvis .   (no weapon)
rCold    . . .     Faith    .   (no shield)
rNeg     . . .     Spirit   .   (helmet restricted)
rPois    .         Reflect  .   (no amulet)
rElec    .         Harm     .   (no ring)
rCorr    .         Rampage  .   (no ring)
Will     .....                  (no ring)
Stlth    +++.......             (no ring)
HPRegen  0.07/turn              (no ring)
MPRegen  0.10/turn              (no ring)
                                (no ring)
                                (no ring)

@: very slightly contaminated
A: almost no armour, amphibious, 8 rings, camouflage 1, gelatinous body 1,
(nimble swimmer 1), tentacles
a: no special abilities


You were on level 3 of the Dungeon.
You visited 1 branch of the dungeon, and saw 3 of its levels.

You collected 110 gold pieces.

Inventory:

Scrolls
 b - 2 scrolls of noise {unknown}
 c - 2 scrolls of identify {@r1}
 d - a scroll of torment {unknown}
 e - a scroll of enchant armour {unknown}
 g - a scroll of blinking {unknown}
Potions
 a - a potion of magic
 f - a potion of curing {unknown}


   Skills:
 - Level 2.0 Dodging
 - Level 2.6 Stealth
 + Level 2.6 Spellcasting
 - Level 1.0 Transmutations
 * Level 5.1 Poison Magic


You had one spell level left.
You knew the following spells:

 Your Spells              Type           Power      Damage    Failure   Level
a - Sting                 Tmut/Pois      52%        1d5       4%          1
b - Poisonous Vapours     Pois/Air       22%        N/A       9%          2
c - Ignite Poison         Fire/Tmut/Pois 9%         N/A       22%         3

Your spell library contained the following spells:

 Spells                   Type           Power      Damage    Failure   Level
 Beastly Appendage        Tmut           12%        N/A       11%         1
 Spider Form              Tmut/Pois      6%         N/A       14%         3
 Wereblood                Tmut           6%         N/A       17%         2
 Olgreb's Toxic Radiance  Pois           20%        N/A       21%         4
 Mephitic Cloud           Conj/Pois/Air  8%         N/A       26%         3
 Ice Form                 Ice/Tmut       4%         N/A       80%         4
 Hydra Form               Tmut           3%         N/A       97%         5


Dungeon Overview and Level Annotations

Branches:
Dungeon (3/15)

Altars:

Annotations:
D:2 Sigmund


Innate Abilities, Weirdness & Mutations

You cannot wear most types of armour.
You are amphibious.
You can wear up to eight rings at the same time.
Your skin changes colour to match your surroundings (Stealth+).
Your rubbery body absorbs attacks. (AC +1, EV +1)
((You are camouflaged near water. (Stealth+)))
You have tentacles for arms and can constrict up to eight enemies at once.


Message History

Poisonous vapours surround the worm!
Casting: Poisonous Vapours (safe; 9% risk of failure)
Confirm with . or Enter, or press ? or * to list all spells.
Aiming: Poisonous Vapours (safe; 9% risk of failure)
Press: ? - help, Dir - move target, f/p - worm
Aim: a worm Poisonous vapours surround the worm!
The worm is engulfed in poison gas.
The worm is poisoned.
Casting: Poisonous Vapours (safe; 9% risk of failure)
Confirm with . or Enter, or press ? or * to list all spells.
Aiming: Poisonous Vapours (safe; 9% risk of failure)
Press: ? - help, Dir - move target, f/p - worm
Aim: a worm (severely wounded, poisoned) Poisonous vapours surround the worm!
Casting: Poisonous Vapours (safe; 9% risk of failure)
Confirm with . or Enter, or press ? or * to list all spells.
You don't have enough magic to cast this spell.
Unknown command.
The worm looks more healthy.
You tentacle-slap the worm but do no damage.
Your grab misses the worm.
The worm is severely wounded.
The worm barely misses you.
You tentacle-slap the worm but do no damage.
You grab the worm.
The worm is severely wounded.
You constrict the worm. You tentacle-slap the worm.
The worm is almost dead.
You constrict the worm. The worm bites you!
Casting: Poisonous Vapours (safe; 9% risk of failure)
Confirm with . or Enter, or press ? or * to list all spells.
Aiming: Sting (safe; 4% risk of failure)
Press: ? - help, Shift-Dir - straight line, f/p - worm
Aim: a worm (almost dead, constricted by you, 100% to hit)
You miscast Sting.
You are very lightly contaminated with residual magic.
Nothing appears to happen.
You constrict the worm. The worm bites you!
Ouch! That really hurt!
You die...

#########
####.......#
#.......##.####.###
#.##.##....@w......
#.##.##.##.##......
.# #....##.##.#
...#. .#
#..........# .## .#
#....##.#### # .#
#.#.###.# .#
#.#.###.# .#
#.......# .#
###.#####


You could see a worm.

Vanquished Creatures
  An adder (D:2)
  A dart slug (D:1)
  4 ball pythons (D:1)
  7 bats
  2 endoplasms (D:1)
  A giant cockroach (D:2)
  5 goblins (D:1)
  7 hobgoblins
  2 quokkas (D:1)
  A frilled lizard (D:1)
  2 kobolds (D:1)
  2 rats (D:1)
35 creatures vanquished.

Notes
Turn   | Place    | Note
-------+----------+-------------------------------------------
     0 | D:1      | freelancePsychic the Octopode Venom Mage began the quest
                  | for the Orb.
     0 | D:1      | Reached XP level 1. HP: 11/11 MP: 3/3
   136 | D:1      | Reached skill level 4 in Poison Magic
   138 | D:1      | Reached XP level 2. HP: 17/17 MP: 0/5
   572 | D:1      | Reached XP level 3. HP: 21/21 MP: 4/6
  1116 | D:2      | Learned a level 2 spell: Poisonous Vapours
  1120 | D:2      | Learned a level 3 spell: Ignite Poison
  1458 | D:2      | Reached skill level 5 in Poison Magic
  1577 | D:2      | Noticed Sigmund
  1625 | D:2      | Found a faded altar of an unknown god.
  1924 | D:3      | Slain by a worm

Illustrated notes

Levels and vault maps discovered:
D:1:      psy_arrival_dodecagon, layout_rooms
D:2:      layout_loops_ring, ebering_ecumenical_altar_mist, uniq_sigmund
D:3:      layout_loops_corners, cheibriados_altar_1

Skill      XL: |  1  2  3 |
---------------+----------+-----
Poison Magic   | 4 5 |  5.1
Dodging        | |  2.0
Stealth        | |  2.6
Spellcasting   | |  2.6
Transmutations | |  1.0

Action                   || total
-------------------------++-------
Melee: Unarmed           ||    11
       Constrict         ||     3
       Tentacles         ||     3
 Cast: Sting             ||    59
       Poisonous Vapours ||     3
       Ignite Poison     ||     1
  Use: Scroll            ||     3
 Stab: Sleeping          ||     2
Armor: Skin              ||     4
Dodge: Dodged            ||    24

Table legend: (Time is in decaauts)
 A = Elapsed time spent in this place.
 B = Non-inter-level travel time spent in this place.
 C = Inter-level travel time spent in this place.
 D = Time resting spent in this place.
 E = Time spent auto-exploring this place.
 F = Levels seen in this place.
 G = Mean time per level.
                   A        B        C        D        E       F      G
               +--------+--------+--------+--------+--------+-----+--------+
         Total |   1923 |   1891 |     32 |     91 |   1508 |   3 |  641.0 |
       Dungeon |   1923 |   1891 |     32 |     91 |   1508 |   3 |  641.0 |
               +--------+--------+--------+--------+--------+-----+--------+

Top non-repeatable levels by time:
     D:1: 1085 daAuts
     D:2: 760 daAuts
     D:3: 77 daAuts
